 Dungeon Crawl Stone Soup version 0.29.0-4-gdea44cf6ec (webtiles) character file.

Game seed: 11672119922365050361

68 Hubris850 the Shooter (level 4, -4/36 HPs)
             Began as a Meteoran Hunter on Aug 26, 2022.
             Killed from afar by Dowan (9 damage)
             ... with a puff of flame
             ... on level 4 of the Dungeon.
             The game lasted 00:06:20 (693 turns).

Hubris850 the Shooter (Meteoran Hunter)              Turns: 693, Time: 00:06:21

Health: -4/36      AC:  5    Str: 12    XL:     4   Next: 68%
Magic:  5/5        EV: 13    Int: 10    God:
Gold:   66         SH:  0    Dex: 20    Spells: 3/3 levels left

rFire   . . .      SeeInvis .   a - +0 shortbow
rCold   . . .      Faith    .   (shield currently unavailable)
rNeg    . . .      Spirit   .   c - +0 leather armour
rPois   .          Reflect  .   r - +0 helmet
rElec   .          Harm     .   (no cloak)
rCorr   .          Rampage  .   (no gloves)
Will    .....                   i - +0 pair of boots
Stlth   +.........              (no amulet)
HPRegen 0.12/turn               (no ring)
MPRegen 0.09/turn               (no ring)

@: glowing
A: sense surroundings 1, otherworldly, glowing, explore regen
a: no special abilities


You were on level 4 of the Dungeon.
You visited 1 branch of the dungeon, and saw 4 of its levels.

You collected 66 gold pieces.

Inventory:

Hand Weapons
 a - a +0 shortbow (weapon)
 d - a +0 long sword
Armour
 c - a +0 leather armour (worn)
 i - a +0 pair of boots (worn)
 r - a +0 helmet (worn)
Wands
 o - a wand of quicksilver (8)
 q - a wand of flame (11)
Scrolls
 b - 2 scrolls of immolation
 m - a scroll of identify {unknown}
 n - a scroll of blinking {unknown}
 p - a scroll of enchant weapon {unknown}
Potions
 e - a potion of curing {unknown}
 f - a potion of degeneration {unknown}
 g - 2 potions of heal wounds {unknown}
 h - a potion of flight {unknown}
 j - a potion of resistance {unknown}
 k - a potion of might {unknown}
 l - a potion of haste {unknown}


   Skills:
 - Level 2.1 Fighting
 * Level 5.6 Ranged Weapons
 + Level 3.5 Dodging
 - Level 0.6 Stealth


You had 3 spell levels left.
You didn't know any spells.
Your spell library was empty.

Dungeon Overview and Level Annotations

Branches:
Dungeon (4/15) Zot: 1677
 Temple: D:4-7

Altars:

Shops:
D:1 *

Annotations:
D:4 Dowan


Innate Abilities, Weirdness & Mutations

You passively map a small area around you.
You are easily found by Zot.
You glow in the dark.
You regain HP and MP as you explore.


Message History

Found a ring mail.
Found 5 stones.
Dowan, Brother of Duvessa comes into view.
He is wielding a +0 dagger.
Dowan shouts!
You shoot an arrow.
The arrow hits Dowan but does no damage.
You shoot an arrow. The arrow hits Dowan!
Dowan is heavily wounded.
You shoot an arrow. The arrow closely misses Dowan.
You shoot an arrow. The arrow closely misses Dowan.
You shoot an arrow. The arrow hits Dowan.
Dowan is severely wounded.
Dowan hits you with a +0 dagger.
You are too injured to fight recklessly!
You are too injured to fight recklessly!
Fire: a) +0 shortbow
Press: ? - help, Q - select action, (/) - cycle Shift-Dir - straight line, f/p - Dowan
Aim: Dowan, wielding a +0 dagger and wearing a +0 robe (severely wounded, 56% to hit)
You shoot an arrow. The arrow barely misses Dowan.
Dowan points at you and mumbles some strange words.
The puff of flame hits you. Dowan barely misses you.
Fire: a) +0 shortbow
Press: ? - help, Q - select action, (/) - cycle Shift-Dir - straight line, f/p - Dowan
Aim: Dowan, wielding a +0 dagger and wearing a +0 robe (severely wounded, 56% to hit)
You shoot an arrow. The arrow barely misses Dowan.
Dowan closely misses you.
Fire: a) +0 shortbow
Press: ? - help, Q - select action, (/) - cycle Shift-Dir - straight line, f/p - Dowan
Aim: Dowan, wielding a +0 dagger and wearing a +0 robe (severely wounded, 56% to hit)
You shoot an arrow. The arrow hits Dowan.
Dowan is almost dead.
Dowan hits you with a +0 dagger.
* * * LOW HITPOINT WARNING * * *
Fire: a) +0 shortbow
Press: ? - help, Q - select action, (/) - cycle Shift-Dir - straight line, f/p - Dowan
Aim: Dowan, wielding a +0 dagger and wearing a +0 robe (almost dead, 56% to hit)
You shoot an arrow. The arrow completely misses Dowan.
Dowan casts a spell at you. The puff of flame hits you!
You die...

#.... , * #...#*
#######+# #+ ,
*#.####..[##..####..
#.........#....... ,
#####.....+...... ,
, #....##....##### ,
, ##...##....##.)##
, ##..e##...).)<).#
, #....@..))).....#,
#...............+
#...............# ,
#..............##
#..............# **
##...##.^........,
######...........
.........###*


You could see Dowan.

Vanquished Creatures
  Robin (D:4)
  An adder (D:2)
  A worm (D:2)
  A dart slug (D:2)
  An orc (D:3)
  5 ball pythons
  3 endoplasms
  A hobgoblin (D:3)
  2 quokkas (D:1)
  3 bats
  3 frilled lizards
  14 goblins
  2 kobolds
  2 rats
40 creatures vanquished.

Notes
Turn   | Place    | Note
-------+----------+-------------------------------------------
     0 | D:1      | Hubris850 the Meteoran Hunter began the quest for the Orb.
     0 | D:1      | Reached XP level 1. HP: 17/17 MP: 2/2
    81 | D:1      | Found Tuvveov's Assorted Antiques.
   192 | D:1      | Reached XP level 2. HP: 24/24 MP: 3/3
   292 | D:2      | Reached XP level 3. HP: 27/29 MP: 4/4
   298 | D:2      | Reached skill level 5 in Ranged Weapons
   591 | D:4      | Reached XP level 4. HP: 36/36 MP: 5/5
   597 | D:4      | Noticed Robin
   644 | D:4      | Killed Robin
   676 | D:4      | Noticed Dowan
   693 | D:4      | Killed from afar by Dowan

Illustrated notes

Levels and vault maps discovered:
D:1:      heliophobic_arrival_battle_scene, layout_loops_ring, serial_shops,
          nicolae_shop_statue_plus, serial_bayou, serial_bayou_pond_c,
          serial_bayou_shore_a, serial_bayou_pond_a, serial_bayou_lagoon_b
D:2:      layout_basic
D:3:      layout_loops_ring
D:4:      layout_gridville, lemuel_round_altar,
          mainiacjoe_overflow_large_starburst, grunt_ministairs_13, st_stairs_4,
          hex_tiny, uniq_robin, uniq_sigmund, uniq_duvessa

Skill      XL: |  1  2  3 |
---------------+----------+-----
Ranged Weapons | 5 |  5.6
Dodging        | 3 |  3.5
Fighting       | |  2.1
Stealth        | |  0.6

Action                   |  1- 3 |  4- 6 || total
-------------------------+-------+-------++-------
 Fire: Shortbow          |    64 |    34 ||    98
Evoke: Wand              |       |     4 ||     4
Armor: Leather armour    |     9 |     8 ||    17
Dodge: Dodged            |    17 |    16 ||    33
